 Dungeon Crawl Stone Soup version 0.30-a0-782-ge64f9170bb (webtiles) character file.

Game seed: 12383566424164976821

697 timneilson the Shield-Bearer (level 7, -13/44 HPs)
             Began as a Gargoyle Fighter on Feb 18, 2023.
             Mangled by an ogre
             ... wielding a +0 giant club
              (25 damage)
             ... on level 4 of the Dungeon.
             The game lasted 00:08:18 (3576 turns).

timneilson the Shield-Bearer (Gargoyle Fighter)     Turns: 3576, Time: 00:08:18

Health: -13/44     AC: 16    Str: 20    XL:     7   Next: 65%
Magic:  7/7        EV:  6    Int:  8    God:
Gold:   237        SH:  9    Dex: 11    Spells: 6/6 levels left

rFire   . . .      SeeInvis .    a - +0 long sword (drain)
rCold   . . .      Faith    .    l - +0 kite shield
rNeg    + . .      Spirit   .    u - +0 chain mail
rPois   ∞          Reflect  .    t - +0 helmet
rElec   +          Harm     .    j - scarf {repulsion}
rCorr   .          Rampage  .    (no gloves)
Will    .....                    (no boots) Stlth
                                 (no amulet)
HPRegen 0.27/turn                (no ring)
MPRegen 0.10/turn                (no ring)

@: repel missiles
A: sickness immunity, AC +4, negative energy resistance 1, electricity
resistance, torment resistance 1, petrification resistance
a: no special abilities


You were on level 4 of the Dungeon.
You visited 1 branch of the dungeon, and saw 4 of its levels.
You also visited: Sewer.

You collected 237 gold pieces.

Inventory:

Hand Weapons
 a - a +0 long sword of draining (weapon)
Armour
 j - a scarf of repulsion (worn)
 l - a +0 kite shield (worn)
 t - a +0 helmet (worn)
 u - a +0 chain mail (worn)
Wands
 f - a wand of light (10)
 h - a wand of iceblast (12)
 o - a wand of flame (13)
Scrolls
 b - a scroll of amnesia {unknown}
 e - a scroll of fog
 k - 5 scrolls of teleportation
 m - a scroll of butterflies
 p - a scroll of enchant armour {unknown}
Potions
 d - 2 potions of might
 g - a potion of invisibility
 i - 2 potions of mutation
 n - a potion of ambrosia {unknown}
 q - a potion of magic {unknown}
 r - a potion of brilliance {unknown}
 s - 3 potions of flight


   Skills:
 + Level 4.5 Fighting
 * Level 3.9 Long Blades
 * Level 5.4 Armour
 + Level 1.9 Dodging
 * Level 5.4 Shields
 + Level 1.5 Evocations


You had 6 spell levels left.
You didn't know any spells.
Your spell library was empty.

Dungeon Overview and Level Annotations

Branches:
Dungeon (4/15)              Sewer (visited)
 Temple: D:4-7

Altars:

Shops:
D:3 ?


Innate Abilities, Weirdness & Mutations

You are immune to sickness and miasma.
Your stone body is resilient. (AC +4)
You are immune to poison.
You resist negative energy. (rN+)
You are resistant to electric shocks. (rElec)
You are resistant to unholy torment.
You are immune to petrification.


Message History

a +0 club; a gnoll skeleton You now have 237 gold pieces (gained 16).
k - 5 scrolls of teleportation (gained 1)
Found a quarterstaff.
Found a chain mail.
Found a stone staircase leading up.
You see here a +0 chain mail.
u - a +0 chain mail You start removing your armour.
You continue taking off your +0 scale mail. x4
You finish taking off your +0 scale mail.
You start putting on your armour.
You continue putting on your +0 chain mail. x5
You finish putting on your +0 chain mail.
You drop a +0 scale mail.
You drop a +0 buckler.
Found a scale mail.
b - a scroll labelled YLYDIPL BOERATT
Found a stone staircase leading down.
Found a scroll of noise.
An ogre comes into view. It is wielding a +0 giant club.
The ogre shouts!
The ogre hits you with a +0 giant club!
You barely miss the ogre. The ogre closely misses you.
You closely miss the ogre. The ogre barely misses you.
You hit the ogre.
The ogre is lightly wounded.
You block the ogre's attack.
You hit the ogre.
The ogre is lightly wounded.
The ogre hits you with a +0 giant club!!
Ouch! That really hurt!
* * * LOW HITPOINT WARNING * * *
You barely miss the ogre.
The ogre is lightly wounded.
You barely miss the ogre.
The ogre is lightly wounded.
The ogre hits you with a +0 giant club!!
Ouch! That really hurt!
You die...

......... #........
..... ..#...... ....
..#...... ... .##
#.##..... #.. ..# ...
..#.....# # #.. ..# ...
.##..... ##.##..##.##
.... ....#
#......O...##.... .).###
#.......@........
)..#.#..............$##.
....................?.##
...............#.......#
...............#......##
..#..........#.......##
.....(.......#....#.##
.#...............####
..................#


You could see an ogre.

Vanquished Creatures
  Grinder (D:4)
  A gnoll sergeant (D:3)
  Jessica (D:3)
  Natasha (thrice) (D:3)
  6 gnolls
  5 river rats (Sewer)
  13 adders
  3 worms
  3 orcs (D:3)
  6 endoplasms
  A giant cockroach (D:2)
  12 goblins
  5 hobgoblins
  7 jackals
  5 kobolds
  4 quokkas
  12 ball pythons
  8 bats
  7 frilled lizards
  4 rats
107 creatures vanquished.

Notes
Turn   | Place    | Note
-------+----------+-------------------------------------------
     0 | D:1      | timneilson the Gargoyle Fighter began the quest for the
                  | Orb.
     0 | D:1      | Reached XP level 1. HP: 14/14 MP: 1/1
   582 | D:1      | Reached XP level 2. HP: 17/19 MP: 2/2
   819 | D:2      | Reached XP level 3. HP: 23/23 MP: 3/3
  1419 | D:2      | Reached XP level 4. HP: 28/28 MP: 4/4
  1586 | D:3      | Noticed Jessica
  1596 | D:3      | Killed Jessica
  1758 | D:2      | Reached XP level 5. HP: 21/33 MP: 5/5
  1768 | D:3      | Reached skill level 1 in Dodging
  1829 | D:3      | Noticed Natasha
  1840 | D:3      | Killed Natasha
  1859 | D:3      | Found Weikkiaq's Magic Scroll Shop.
  1916 | D:3      | Found a glowing drain.
  1936 | Sewer    | Entered a sewer
  2207 | Sewer    | Reached XP level 6. HP: 37/38 MP: 6/6
  2845 | D:3      | Noticed Natasha
  2852 | D:3      | Killed Natasha
  2934 | D:3      | Identified the +1 ring mail "Zizici" {-Tele Int+2 Stlth+}
  2972 | D:3      | Noticed Natasha
  2977 | D:3      | Killed Natasha
  3042 | D:4      | Reached skill level 1 in Evocations
  3166 | D:4      | Noticed Grinder
  3166 | D:4      | Paralysed by Grinder for 4 turns
  3207 | D:4      | Paralysed by Grinder for 2 turns
  3210 | D:4      | Killed Grinder
  3211 | D:4      | Reached skill level 5 in Armour
  3211 | D:4      | Reached skill level 5 in Shields
  3211 | D:4      | Reached XP level 7. HP: 22/44 MP: 7/7
  3576 | D:4      | Mangled by an ogre

Illustrated notes

Levels and vault maps discovered:
D:1:      psy_arrival_fountain, layout_basic
D:2:      layout_basic
D:3:      layout_rooms, serial_shops, shop, cheibrodos_sewer_entry_bend,
          solitary_fountain, kennysheep_crisscross, minmay_checkerbox,
          uniq_jessica, uniq_natasha
D:4:      layout_cave_pools, uniq_grinder

Skill      XL: |  1  2  3  4  5  6 |
---------------+-------------------+-----
Long Blades    | 2 3 |  3.9
Shields        | 4 5 |  5.4
Armour         | 4 5 |  5.4
Dodging        | 1 |  1.9
Fighting       | 4 |  4.5
Evocations     | 1 |  1.5

Action                     |  1- 3 |  4- 6 |  7- 9 || total
---------------------------+-------+-------+-------++-------
  Melee: Long sword        |   100 |   305 |    40 ||   445
    Use: Scroll            |     7 |     5 |       ||    12
         Potion            |       |     3 |     1 ||     4
 Armour: Scale mail        |    59 |   281 |    27 ||   367
  Dodge: Dodged            |    50 |   252 |    32 ||   334
         Repelled          |     1 |     1 |     1 ||     3
  Block: Buckler           |    25 |   127 |     9 ||   161
         Kite shield       |       |       |     1 ||     1

Table legend: (Time is in decaauts)
 A = Elapsed time spent in this place.
 B = Non-inter-level travel time spent in this place.
 C = Inter-level travel time spent in this place.
 D = Time resting spent in this place.
 E = Time spent auto-exploring this place.
 F = Levels seen in this place.
 G = Mean time per level.
                   A        B        C        D        E       F      G
               +--------+--------+--------+--------+--------+-----+--------+
         Total |   3876 |   3820 |     56 |    240 |   2332 |   5 |  775.2 |
       Dungeon |   2923 |   2867 |     56 |    240 |   1743 |   4 |  730.8 |
         Sewer |    952 |    952 |      0 |      0 |    589 |   1 |  952.0 |
               +--------+--------+--------+--------+--------+-----+--------+

Top non-repeatable levels by time:
     D:2: 1034 daAuts
   Sewer: 952 daAuts
     D:3: 787 daAuts
     D:1: 738 daAuts
     D:4: 364 daAuts
